 Dungeon Crawl Stone Soup version 0.22-a0-346-ga714374 (webtiles) character file.

145019 Moloch the Executioner (level 16, -16/156 HPs)
             Began as a Minotaur Fighter on Apr 6, 2018.
             Was the Champion of Okawaru.
             Killed by the air
             ... invoked by Amnesiac's ghost
              (36 damage)
             ... on level 4 of the Shoals.
             The game lasted 00:59:06 (24221 turns).

Moloch the Executioner (Minotaur Fighter)          Turns: 24221, Time: 00:59:07

Health: -16/156    AC: 15    Str: 21    XL:     16   Next: 86%
Magic:  0/20       EV: 22    Int: 10    God:    Okawaru [******]
Gold:   618        SH:  0    Dex: 20    Spells: 15/15 levels left

rFire    + . .     SeeInvis .   q - +5 battleaxe "Dasulub" {elec, Int+2}
rCold    . . .     Gourm    .   (shield currently unavailable)
rNeg     + . .     Faith    +   P - +4 moon troll leather armour {Spirit, Regen++ MP+5}
rPois    .         Spirit   +   T - +0 hat {MR+}
rElec    +         Reflect  .   c - scarf {repulsion}
rCorr    .         Harm     .   V - +1 pair of gloves {Dex+3}
MR       +++..                  C - +1 pair of boots {Fly}
Stlth    ++........             x - amulet of faith
HPRegen  1.16/turn              A - ring of protection from magic
MPRegen  0.17/turn              E - ring "Mudorheo" {rElec rF+ rN+ Int+3}

@: barbed spikes, flying, studying 2 skills, repel missiles
A: retaliatory headbutt, horns 2
a: Heroism, Finesse, Renounce Religion, Stop Flying


You were on level 4 of the Shoals.
You worshipped Okawaru.
Okawaru was exalted by your worship.
You were not hungry.

You visited 6 branches of the dungeon, and saw 29 of its levels.

You collected 2507 gold pieces.
You spent 1889 gold pieces at shops.

Inventory:

Hand Weapons
 q - the +5 battleaxe "Dasulub" (weapon) {elec, Int+2}
   (Okawaru gifted it to you on level 1 of the Orcish Mines)

   Occasionally, upon striking a foe, it will discharge some electrical energy
   and cause terrible harm.
   It affects your intelligence (+2).
 u - a +1 bardiche
 K - a +4 eveningstar of protection
Armour
 a - the +12 chain mail "Liozxyah" {-Cast rElec Int+8 Slay+3}
   (You found it on level 6 of the Lair of Beasts)

   It affects your intelligence (+8).
   It affects your accuracy and damage with ranged weapons and melee attacks
   (+3).
   It insulates you from electricity.
   It prevents spellcasting.
 c - a scarf of repulsion (worn)
 z - the +5 chain mail "Itogras" {rElec SInv}
   (You found it on level 6 of the Dungeon)

   It insulates you from electricity.
   It lets you see invisible.
 C - a +1 pair of boots of flying (worn)
 P - the +4 moon troll leather armour (worn) {Spirit, Regen++ MP+5}
   (You took it off Erica on level 2 of the Lair of Beasts)

   It affects your magic capacity (+5).
   It increases your rate of regeneration.
 T - a +0 hat of magic resistance (worn)
 V - a +1 pair of gloves of dexterity (worn)
 Z - a +1 plate armour of fire resistance
Jewellery
 h - an uncursed ring of resist corrosion
 w - the ring "Kongorch" {Ice Int+6 Dex+3 Stlth+}
   (You found it on level 12 of the Dungeon)

   [ring of ice]

   It enhances your ice magic.
   It affects your intelligence (+6).
   It affects your dexterity (+3).
   It makes you vulnerable to fire.
   It protects you from cold.
   It makes you more stealthy.
 x - an amulet of faith (around neck)
 A - a ring of protection from magic (left hand)
 D - a +6 ring of intelligence
 E - the ring "Mudorheo" (right hand) {rElec rF+ rN+ Int+3}
   (You bought it in a shop on level 11 of the Dungeon)

   [ring of positive energy]

   It affects your intelligence (+3).
   It protects you from fire.
   It insulates you from electricity.
   It protects you from negative energy.
 G - an uncursed ring of see invisible
 W - a +4 ring of protection
 Y - the ring "Reid" {+Fly rF+++ Int+4 Dex-2 Stlth-}
   (You found it on level 14 of the Dungeon)

   [ring of flight]

   It affects your intelligence (+4).
   It affects your dexterity (-2).
   It renders you almost immune to fire.
   It lets you fly.
   It makes you less stealthy.
Wands
 U - a wand of disintegration (18)
Scrolls
 b - a scroll of immolation
 j - 2 scrolls of enchant armour
 n - 12 scrolls of teleportation
 o - 6 scrolls of amnesia
 r - a scroll of holy word {unknown}
 s - 5 scrolls of remove curse
 v - 6 scrolls of fog
 y - 2 scrolls of enchant weapon
 J - a scroll of blinking
 M - 3 scrolls of magic mapping {unknown}
 O - 6 scrolls of fear
Potions
 d - a potion of might
 e - 8 potions of curing
 g - 3 potions of invisibility
 k - 12 potions of agility
 m - a potion of heal wounds
 p - 2 potions of resistance
 t - 6 potions of mutation
 B - 4 potions of lignification
 L - a potion of magic {unknown}
 N - a potion of ambrosia {unknown}
 Q - 2 potions of brilliance
 R - 4 potions of haste
 S - a potion of cancellation
Books
 i - a manual of
Armour
 I - a manual of Maces & Flails
Miscellaneous
 F - a phantom mirror
Comestibles
 f - 40 rations
 l - 3 chunks of flesh


   Skills:
 - Level 17.6 Fighting
 * Level 23.9 Axes
 * Level 12.2 Armour
 - Level 12.1 Dodging
   Level 3.6 Shields


You had 15 spell levels left.
You didn't know any spells.

Dungeon Overview and Level Annotations

Branches:
Dungeon (15/15)            Temple (1/1) D:4            Lair (6/6) D:10
 Shoals (4/4) Lair:2       Spider (0/4) Lair:2        Slime (0/5) Lair:5
    Orc (2/2) D:9             Elf (1/3) Orc:2        Vaults (0/5) D:13
 Depths (0/5) D:15

Altars:
Ashenzari
Cheibriados
Dithmenos
Elyvilon
Fedhas
Gozag
Hepliaklqana
Kikubaaqudgha
Makhleb
Nemelex Xobeh
Okawaru
Qazlal
Ru
Sif Muna
Trog
Uskayaw
Vehumet
Wu Jian
Xom
Yredelemnul
Zin
The Shining One
Jiyva

Shops:
D:8 *   D:11 =   D:13 *!:   Orc:2 *=[(

Annotations:
D:6 2 transporters
D:12 2 runed doors
Shoals:4 Amnesiac's ghost, adept TeAE; Ilsuiw


Innate Abilities, Weirdness & Mutations

You reflexively headbutt those who attack you in melee.
You have a pair of horns on your head.


Message History

You headbutt the water elemental.
The merfolk javelineer is engulfed in noxious fumes.
The merfolk javelineer appears confused.
Unknown command.
Unknown command.
With effort, you pull free of the water engulfing you.
You gasp with relief as air once again reaches your lungs.
The butterfly disappears in a puff of smoke! x2
The merfolk javelineer cries.
Something hits you.
* * * LOW HITPOINT WARNING * * *
Something freezes you.
* * * LOW HITPOINT WARNING * * *
The manticore flicks its tail.
The volley of spikes hits you!
The barbed spikes become lodged in your body.
* * * LOW HITPOINT WARNING * * *
Amnesiac's ghost waves its arms in wide circles.
The air twists around and violently strikes you in flight!
You die...

#≈≈≈≈≈≈≈≈........≈≈≈≈≈≈≈
#≈≈≈≈≈≈≈[........≈≈≈≈≈≈≈
#≈≈≈≈≈≈≈≈).......≈≈≈≈≈≈≈
#≈≈≈≈≈≈≈≈.......≈
#≈≈≈≈≈≈≈≈≈.....≈≈
#≈≈≈≈≈≈≈≈≈....≈≈≈
#≈≈≈≈≈≈≈≈≈≈.m≈≈≈≈
#≈≈≈≈≈≈≈≈≈≈≈≈≈≈≈≈
#≈≈≈≈≈E@≈##'##≈≈≈
#≈≈≈≈≈≈≈## ..##≈≈
#≈≈≈≈{≈§# ..# #≈≈≈≈§m≈#
..# #≈≈≈≈§≈H# .#
#≈≈≈≈≈≈W# ## #≈≈≈≈≈≈≈≈#
#≈≈≈≈§b≈≈≈≈ #≈≈≈≈b≈≈≈≈≈≈


You could see a merfolk javelineer (confused), a manticore, a water elemental, a
merfolk siren and Amnesiac's ghost.

Vanquished Creatures
  Jorgrun (Shoals:3)
  Polyphemus (Shoals:2)
  Gastronok (Lair:2)
  A kraken (Shoals:3)
  Donald (Shoals:3)
  Kirke (D:15)
  2 orc warlords
  Aizul (Shoals:4)
  2 merfolk javelineers (Shoals:4)
  A yaktaur captain (D:15)
  5 merfolk impalers
  A rakshasa (D:13)
  4 hydras
  3 merfolk aquamancers
  A vault guard (D:13)
  2 centaur warriors
  A satyr (Shoals:4)
  9 two-headed ogres
  4 catoblepae
  3 death knights
  9 death yaks
  2 orc high priests
  Erica (Lair:2)
  A tengu warrior (D:15)
  The ghost of RoseArtemis the Cleaver, a novice MiFi of Trog (D:7)
  A hell knight (D:15)
  6 sea snakes
  5 unseen horrors
  A skeletal warrior (D:14)
  A deep elf archer (Elf:1)
  A wizard (D:13)
  A necromancer (Lair:3)
  6 harpies
  A phantasmal warrior (D:14)
  7 orc knights
  A wolf spider zombie (D:14)
  29 ugly things
  5 orc sorcerers
  7 cyclopes
  12 fauns
  6 deep elf magi
  12 manticores
  4 centaur zombies
  3 merfolk sirens
  3 water nymphs
  A gargoyle (D:10)
  3 black mambas (Lair:3)
  8 spiny frogs
  2 centaur skeletons
  7 kobold demonologists
  5 freezing wraiths
  An efreet (D:15)
  3 yaktaurs (D:15)
  6 komodo dragons
  4 tengu conjurers
  2 jumping spiders (Lair:2)
  14 trolls
  10 merfolk
  5 wind drakes
  Grinder (D:4)
  A wolf spider simulacrum (D:14)
  2 hornets
  5 blink frogs (Lair:4)
  11 slime creatures
  2 dream sheep (Shoals:4)
  13 hippogriffs
  6 water elementals
  4 snapping turtles
  A shadow (D:14)
  6 wraiths
  A redback (Lair:2)
  A spriggan (D:7)
  49 yaks
  2 vampires
  6 wyverns
  2 fire elementals
  The ghost of nataq the Skirmisher, an amateur DrFi (D:3)
  Eustachio (D:5)
  3 hogs (D:15)
  3 fire bats (D:11)
  6 vampire mosquitoes
  9 basilisks
  A steam dragon (D:8)
  3 hungry ghosts
  3 wargs
  An acid dragon (D:12)
  8 water moccasins
  2 hell hounds (D:11)
  6 sky beasts
  7 porcupines
  35 orc warriors
  Purgy (D:4)
  2 necrophages
  3 ice beasts
  7 phantoms
  11 wolves
  11 ogres
  11 centaurs
  7 crocodiles
  8 big kobolds
  Blork the orc (D:5)
  2 wyvern zombies
  13 bullfrogs
  A water moccasin zombie (D:6)
  4 scorpions
  9 killer bees
  5 wights
  2 electric eels
  7 howler monkeys
  4 crimson imps
  15 orc priests
  4 jellies
  2 quasits
  A gnoll shaman (D:4)
  17 orc wizards
  3 hounds
  7 iguanas
  A bullfrog skeleton (D:8)
  13 worker ants
  4 polar bear simulacra (Lair:3)
  3 wolf simulacra (Lair:3)
  A yak simulacrum (Lair:3)
  A hound skeleton (D:4)
  4 gnolls (D:4)
  12 adders
  A howler monkey skeleton (D:9)
  3 shadow imps
  An adder zombie (D:5)
  4 adder skeletons
  4 worms
  2 dart slugs (D:1)
  4 leopard geckos
  71 orcs
  3 ball pythons
  5 giant cockroaches
  3 goblins
  11 hobgoblins
  22 jackals
  23 kobolds
  2 quokkas
  4 bats
  6 frilled lizards
  2 leopard gecko skeletons
  A quokka skeleton (D:6)
  10 rats
  2 river rat simulacra (Lair:3)
  8 fungi
  2 plants
  A tentacle (Shoals:3)
836 creatures vanquished.

Vanquished Creatures (others)
  2 humans (D:15)
  A big kobold (D:8)
  2 kobolds (D:8)
  7 fungi
  14 plants
  3 tentacles (Shoals:3)
29 creatures vanquished.

Grand Total: 865 creatures vanquished

Notes
Turn   | Place    | Note
-------+----------+-------------------------------------------
     0 | D:1      | Moloch the Minotaur Fighter began the quest for the Orb.
     0 | D:1      | Reached XP level 1. HP: 19/19 MP: 0/0
    27 | D:1      | Reached XP level 2. HP: 24/27 MP: 1/1
    68 | D:1      | Reached skill level 3 in Axes
   422 | D:1      | Reached XP level 3. HP: 34/34 MP: 2/2
   744 | D:2      | Reached skill level 4 in Axes
   889 | D:2      | Reached XP level 4. HP: 36/41 MP: 3/3
   933 | D:2      | Found a radiant altar of Vehumet.
  1103 | D:2      | Found a glowing golden altar of the Shining One.
  1627 | D:3      | Noticed nataq's ghost (amateur DrFi)
  1638 | D:3      | Killed nataq's ghost
  1638 | D:3      | Reached skill level 6 in Axes
  1638 | D:3      | Reached XP level 5. HP: 14/47 MP: 4/4
  1929 | D:3      | Reached skill level 5 in Fighting
  1929 | D:3      | Reached XP level 6. HP: 50/56 MP: 5/5
  1935 | D:3      | Reached skill level 7 in Axes
  2185 | D:3      | Found a faded altar of an unknown god.
  2316 | D:4      | Noticed Purgy
  2323 | D:4      | Killed Purgy
  2323 | D:4      | Reached skill level 8 in Axes
  2370 | D:4      | Found a staircase to the Ecumenical Temple.
  2378 | Temple   | Entered the Ecumenical Temple
  2442 | D:4      | Reached XP level 7. HP: 44/61 MP: 6/6
  2608 | D:4      | Reached skill level 9 in Axes
  2806 | D:4      | Noticed Grinder
  2809 | D:4      | Paralysed by Grinder for 4 turns
  2814 | D:4      | Killed Grinder
  2814 | D:4      | Reached skill level 10 in Axes
  2814 | D:4      | Reached XP level 8. HP: 49/70 MP: 7/7
  3260 | D:5      | Entered Level 5 of the Dungeon
  3371 | D:5      | Reached skill level 11 in Axes
  3648 | D:5      | Noticed Blork the orc
  3667 | D:5      | Killed Blork the orc
  3680 | D:5      | Noticed Eustachio
  3970 | D:5      | Killed Eustachio
  3970 | D:5      | Reached skill level 12 in Axes
  4264 | D:6      | Reached XP level 9. HP: 74/79 MP: 8/8
  4322 | D:6      | Found a shadowy altar of Dithmenos.
  4355 | D:6      | Found an opulent altar of Gozag.
  4355 | D:6      | Found an ornate altar of the Wu Jian Council.
  4357 | D:6      | Noticed a gargoyle
  4359 | D:6      | Found a transporter.
  4368 | D:6      | Found a transporter.
  4500 | D:6      | Got a jewelled chain mail
  4511 | D:6      | Identified the +5 chain mail "Itogras" {rElec SInv} (You found it on level 6 of the Dungeon)
  4543 | D:6      | Reached skill level 13 in Axes
  4896 | D:7      | Noticed RoseArtemis's ghost (novice MiFi)
  4939 | D:7      | Killed RoseArtemis's ghost
  4939 | D:7      | Reached skill level 14 in Axes
  5327 | D:7      | Reached XP level 10. HP: 89/89 MP: 9/9
  5514 | D:8      | Reached skill level 15 in Axes
  5532 | D:8      | Found a basalt altar of Yredelemnul.
  5554 | D:8      | Noticed a two-headed ogre
  5565 | D:8      | Killed a two-headed ogre
  5606 | D:8      | Reached skill level 16 in Axes
  5766 | D:8      | Found Fietijah's Demolitions Depot.
  6510 | D:9      | Found an iron altar of Okawaru.
  6569 | D:9      | Became a worshipper of Warmaster Okawaru
  6670 | D:9      | Found a staircase to the Orcish Mines.
  6820 | D:9      | Noticed a two-headed ogre
  6828 | D:9      | Killed a two-headed ogre
  6828 | D:9      | Reached * piety under Okawaru
  6828 | D:9      | Reached skill level 10 in Fighting
  6828 | D:9      | Reached skill level 17 in Axes
  6828 | D:9      | Reached XP level 11. HP: 83/99 MP: 10/10
  7017 | D:10     | Entered Level 10 of the Dungeon
  7195 | D:10     | Noticed a brown ugly thing
  7212 | D:10     | Killed a brown ugly thing
  7278 | D:10     | Reached ** piety under Okawaru
  7760 | D:10     | Reached skill level 1 in Dodging
  8001 | D:10     | Found a staircase to the Lair.
  8005 | Lair:1   | Entered Level 1 of the Lair of Beasts
  8018 | Lair:1   | Reached *** piety under Okawaru
  8028 | Lair:1   | Noticed a five-headed hydra
  8039 | Lair:1   | Killed a five-headed hydra
  8971 | Lair:2   | Found a hole to the Spider Nest.
  9473 | Lair:2   | Reached **** piety under Okawaru
  9473 | Lair:2   | Reached skill level 18 in Axes
  9602 | Lair:2   | Reached skill level 5 in Armour
  9963 | Lair:2   | Identified the Incunabulum of Contamination
 10013 | Lair:2   | Noticed Gastronok
 10051 | Lair:2   | Killed Gastronok
 10051 | Lair:2   | Reached ***** piety under Okawaru
 10051 | Lair:2   | Reached XP level 12. HP: 79/110 MP: 9/11
 10281 | Lair:2   | Found a staircase to the Shoals.
 10295 | Lair:2   | Noticed Erica
 10313 | Lair:2   | Killed Erica
 10687 | Lair:3   | Received a gift from Okawaru
 11188 | Lair:3   | Reached skill level 5 in Dodging
 12445 | Lair:5   | Found a staircase to the Slime Pits.
 12445 | Lair:5   | Found a viscous altar of Jiyva.
 12472 | Lair:5   | Noticed a six-headed hydra
 12481 | Lair:5   | Killed a six-headed hydra
 13074 | Lair:6   | Entered Level 6 of the Lair of Beasts
 13098 | Lair:6   | Received a gift from Okawaru
 13101 | Lair:6   | Reached XP level 13. HP: 106/122 MP: 12/12
 13102 | Lair:6   | Reached skill level 19 in Axes
 13347 | Lair:6   | Reached ****** piety under Okawaru
 14217 | Lair:6   | Got a bloodstained chain mail
 14228 | Lair:6   | Identified the +12 chain mail "Liozxyah" {-Cast rElec Int+8 Slay+3} (You found it on level 6 of the Lair of Beasts)
 14389 | Orc:1    | Entered Level 1 of the Orcish Mines
 14390 | Orc:1    | Noticed an orc warlord
 14403 | D:9      | Received a gift from Okawaru
 14403 | D:9      | Reached skill level 20 in Axes
 14417 | D:9      | Got a polished hand axe {god gift}
 14418 | D:9      | Identified the +9 hand axe "Kugud" {antimagic, rPois rF+ MR-} (Okawaru gifted it to you on level 9 of the Dungeon)
 14422 | Orc:1    | Noticed an orc warlord
 14608 | D:9      | Killed an orc warlord
 14794 | Orc:1    | Received a gift from Okawaru
 15113 | Orc:2    | Entered Level 2 of the Orcish Mines
 15113 | Orc:2    | Found a staircase to the Elven Halls.
 15125 | Orc:2    | Found Godelyab's Jewellery Boutique.
 15210 | Orc:2    | Found Jolutugo's Antique Weapon Shoppe.
 15245 | Orc:2    | Reached XP level 14. HP: 92/133 MP: 10/13
 15387 | Orc:2    | Noticed an orc warlord
 15433 | Orc:1    | Received a gift from Okawaru
 15439 | Orc:1    | Got a fine battleaxe {god gift}
 15440 | Orc:1    | Identified the +5 battleaxe "Dasulub" {elec, Int+2} (Okawaru gifted it to you on level 1 of the Orcish Mines)
 15583 | Orc:2    | Found Wydwobbe's Antique Armour Shoppe.
 15620 | Orc:2    | Bought a glowing scarf for 192 gold pieces
 15673 | Orc:2    | Killed an orc warlord
 15687 | Orc:2    | Found Bif Emm's General Store.
 15695 | Orc:2    | Bought a potion of curing for 39 gold pieces
 15931 | D:11     | Found a transporter.
 16296 | D:11     | Found a transporter.
 16299 | D:11     | Found Faweiban's Jewellery Emporium.
 16316 | D:11     | Bought the ring "Mudorheo" {rElec rF+ rN+ Int+3} for 804 gold pieces
 16746 | D:11     | Received a gift from Okawaru
 16761 | D:11     | Got a polished plate armour {god gift}
 16772 | D:11     | Identified the +4 plate armour of the Moon {Dex+2} (Okawaru gifted it to you on level 11 of the Dungeon)
 16911 | D:12     | Reached skill level 21 in Axes
 17058 | D:12     | Found a large runed door.
 17062 | D:12     | Found a large runed door.
 17077 | D:12     | Found a large runed door.
 17077 | D:12     | Found a large runed door.
 17211 | D:12     | Reached skill level 15 in Fighting
 17696 | D:12     | Got a smoking ivory ring
 17720 | D:12     | Identified the ring "Kongorch" {Ice Int+6 Dex+3 Stlth+} (You found it on level 12 of the Dungeon)
 17814 | D:13     | Found Ceog's Book Boutique.
 18063 | D:13     | Received a gift from Okawaru
 18120 | D:13     | Found a gate to the Vaults.
 18140 | D:13     | You are sucked into a shaft for 2 floors!
 18140 | D:15     | Entered Level 15 of the Dungeon
 18205 | D:15     | Found a staircase to the Depths.
 18258 | D:15     | Reached skill level 10 in Armour
 18260 | D:15     | Reached XP level 15. HP: 96/141 MP: 14/14
 18284 | D:15     | Paralysed by a hornet for 1 turns
 18374 | D:15     | Received a gift from Okawaru
 18519 | D:15     | Noticed Kirke
 18525 | D:15     | Reached skill level 22 in Axes
 18529 | D:15     | Killed Kirke
 18539 | D:15     | Reached skill level 10 in Dodging
 18840 | D:15     | Received a gift from Okawaru
 19172 | D:14     | Got a scintillating glass ring
 19174 | D:14     | Identified the ring "Reid" {+Fly rF+++ Int+4 Dex-2 Stlth-} (You found it on level 14 of the Dungeon)
 19653 | D:13     | Found Liusan's Distillery.
 19661 | D:13     | Bought a potion of curing for 42 gold pieces
 19661 | D:13     | Bought a potion of curing for 42 gold pieces
 19661 | D:13     | Bought a potion of haste for 140 gold pieces
 19661 | D:13     | Bought 3 potions of agility for 168 gold pieces
 19661 | D:13     | Bought a potion of mutation for 112 gold pieces
 19735 | D:13     | Received a gift from Okawaru
 19745 | D:13     | Found Nudus's Assorted Antiques.
 19767 | D:13     | Bought a potion of haste for 350 gold pieces
 20680 | Elf:1    | Entered Level 1 of the Elven Halls
 20926 | Shoals:1 | Entered Level 1 of the Shoals
 21333 | Shoals:1 | Reached XP level 16. HP: 154/154 MP: 15/15
 21604 | Shoals:2 | Noticed Polyphemus
 21678 | Shoals:2 | Killed Polyphemus
 21678 | Shoals:2 | Reached skill level 23 in Axes
 21705 | Shoals:2 | Received a gift from Okawaru
 22503 | Shoals:3 | Received a gift from Okawaru
 22767 | Shoals:3 | Noticed Donald
 22774 | Shoals:3 | Noticed Jorgrun
 22907 | Shoals:3 | Killed Jorgrun
 23261 | Shoals:3 | Killed Donald
 23414 | Shoals:3 | Noticed a kraken
 23423 | Shoals:3 | Killed a kraken
 23555 | Shoals:4 | Entered Level 4 of the Shoals
 23558 | Shoals:4 | Noticed Aizul
 23575 | Shoals:4 | Killed Aizul
 23950 | Shoals:4 | Found the +8 longbow "Zephyr" {speed, Dex+3 SInv}
 24006 | Shoals:4 | Noticed Amnesiac's ghost (adept TeAE)
 24019 | Shoals:4 | Noticed Ilsuiw
 24175 | Shoals:4 | Received a gift from Okawaru
 24221 | Shoals:4 | Killed from afar by Amnesiac's ghost

Vault maps used:
D:1:      matt_arrival_grand_opening
D:2:      marbit_many_paths, vehumet_crystals, first_ration
D:3:      chequers_ecumenical_altar_island
D:4:      minmay_temple_entry_mist, portal_sewer_entry_e, serial_glass,
          glass_columns_a, glass_columns_b, glass_columns_a, wad_orctagon,
          uniq_grinder, uniq_purgy
D:5:      uniq_eustachio, uniq_blork_the_orc
D:6:      gammafunk_temple_overflow_arena, basic_altar,
          kennysheep_generic_room_16
D:7:      the_bakery
D:8:      overflow_temple_1_default, serial_curves, eino_curves_04,
          eino_curves_03, grunt_ministairs_4, nicolae_blasting_shop
D:9:      minmay_tri_box, okawaru_metal_pillars_1_2, minmay_misc_feat_ornament
D:10:     minmay_the_grid_four_pointed_star, lair_entry_dummy
D:11:     gammafunk_cloud_chamber, serial_shops, shop, eino_curves_03,
          bh_walls_and_bars
D:12:     serial_bayou_pond_d, minmay_hollow_rounded_squares
D:13:     david_vaults_5, serial_shops, nicolae_shop_crystal, shop, shop
D:14:     kennysheep_cluttered_room
D:15:     hangedman_depths_entry_civil_slaughter, grunt_decor_one_mirror,
          uniq_kirke
Temple:   nicolae_temple_x_marks_the_god
Lair:1:   serial_bayou_ford_a, infiniplex_staircase_pool, serial_bayou_shore_a,
          serial_bayou_shore_b, grunt_megastairs_5
Lair:2:   minmay_shoals_entry_beasts, spider_nest_entry_a, serial_bayou_shore_b,
          uniq_gastronok, uniq_erica
Lair:3:   eino_house_with_fridge
Lair:4:   grunt_megastairs_4, serial_bayou_shore_b
Lair:5:   slime_altar_1, lemuel_fruit_tree
Lair:6:   evilmike_catoblepas_cave, fungi_pond_lemuel,
          kennysheep_basilisk_garden
Shoals:2: nicolae_shoals_square_sea_wall, uniq_polyphemus
Shoals:3: uniq_jorgrun, uniq_donald
Shoals:4: shoals_end_simple, shoal_ilsuiw, uniq_aizul
Orc:2:    grunt_orc_gardens, grunt_orc_garden, grunt_orc_garden,
          grunt_orc_garden, grunt_orc_garden
Elf:1:    minmay_elf_arrival_summoners, serial_shops, nicolae_shop_behind_doors,
          minmay_elf_necromancy, orc_legates

Skill      XL: |  1  2  3  4  5  6  7  8  9 10 11 12 13 14 15 16 |
---------------+-------------------------------------------------+-----
Fighting       | 4 5 7 8 10 11 13 14 15 16 17 | 17.6
Axes           | 3 4 6 8 10 12 14 17 18 20 21 22 23 | 23.9
Dodging        | 3 6 8 9 11 12 | 12.1
Armour         | 6 8 10 11 12 | 12.2
Shields        | |  3.6

Action                   |  1- 3 |  4- 6 |  7- 9 | 10-12 | 13-15 | 16-18 || total
-------------------------+-------+-------+-------+-------+-------+-------++-------
Melee: War axe           |    89 |    98 |   330 |   425 |       |       ||   942
       Headbutt          |    12 |    16 |    66 |   183 |   283 |    92 ||   652
       Morningstar       |       |       |       |    11 |       |       ||    11
       Dire flail        |       |       |       |    99 |    23 |       ||   122
       Battleaxe         |       |       |       |    89 |   956 |   315 ||  1360
Throw: Tomahawk          |       |       |     1 |       |       |       ||     1
Invok: Heroism           |       |       |       |     5 |     9 |     6 ||    20
       Finesse           |       |       |       |       |       |     1 ||     1
Evoke: Wand              |       |       |    13 |    18 |       |       ||    31
  Use: Scroll            |       |       |     9 |     2 |    16 |     4 ||    31
       Potion            |       |       |       |     1 |     1 |     4 ||     6
 Stab: Sleeping          |       |       |       |     3 |     4 |       ||     7
       Distracted        |       |       |       |       |     1 |       ||     1
       Petrified         |       |       |       |       |       |     4 ||     4
  Eat: Chunk             |       |     5 |     9 |    24 |    27 |     8 ||    73
       Ration            |       |       |       |     1 |     1 |       ||     2
Armor: Scale mail        |    40 |    15 |       |       |       |       ||    55
       Chain mail        |       |    26 |   135 |   191 |       |       ||   352
       Troll leather arm |       |       |       |    28 |   214 |    50 ||   292
       Plate armour      |       |       |       |       |    18 |       ||    18
Dodge: Dodged            |    44 |    26 |    62 |   205 |   707 |   283 ||  1327
       Deflected         |       |       |       |       |    23 |    23 ||    46
Block: Shield            |    45 |    44 |   146 |   171 |       |       ||   406

Table legend:
 A = Spawn XP
 B = Non-spawn XP
 C = Spawn XP percentage of total XP
 D = Spawn monster count
 E = Non-spawn monster count
 F = Spawn count percentage of total count
 G = Total turns spent on level
                    A         B        C        D         E        F      G
               +---------+---------+-------+---------+---------+-------+---------
         Total |       0 |  207170 |   0.0 |       0 |     825 |   0.0 | 24221
               +---------+---------+-------+---------+---------+-------+---------
           D:1 |       0 |      44 |   0.0 |       0 |      22 |   0.0 |   612
           D:2 |       0 |      84 |   0.0 |       0 |      25 |   0.0 |   964
           D:3 |       0 |     328 |   0.0 |       0 |      15 |   0.0 |   682
           D:4 |       0 |    1206 |   0.0 |       0 |      41 |   0.0 |   960
           D:5 |       0 |     927 |   0.0 |       0 |      20 |   0.0 |   986
           D:6 |       0 |     888 |   0.0 |       0 |      18 |   0.0 |   601
           D:7 |       0 |    2275 |   0.0 |       0 |      18 |   0.0 |   661
           D:8 |       0 |    2854 |   0.0 |       0 |      24 |   0.0 |   513
           D:9 |       0 |    6460 |   0.0 |       0 |      54 |   0.0 |  1376
          D:10 |       0 |    2779 |   0.0 |       0 |      16 |   0.0 |  1181
          D:11 |       0 |    4641 |   0.0 |       0 |      40 |   0.0 |   916
          D:12 |       0 |   10949 |   0.0 |       0 |      45 |   0.0 |   897
          D:13 |       0 |   11093 |   0.0 |       0 |      43 |   0.0 |   858
          D:14 |       0 |   18895 |   0.0 |       0 |      59 |   0.0 |   877
          D:15 |       0 |   29889 |   0.0 |       0 |      71 |   0.0 |  1095
        Lair:1 |       0 |    2368 |   0.0 |       0 |      13 |   0.0 |   995
        Lair:2 |       0 |    7141 |   0.0 |       0 |      19 |   0.0 |  1603
        Lair:3 |       0 |    4340 |   0.0 |       0 |      26 |   0.0 |   780
        Lair:4 |       0 |    5258 |   0.0 |       0 |      24 |   0.0 |   775
        Lair:5 |       0 |    2759 |   0.0 |       0 |       9 |   0.0 |  1028
        Lair:6 |       0 |   15166 |   0.0 |       0 |      40 |   0.0 |  1178
      Shoals:1 |       0 |    5722 |   0.0 |       0 |       9 |   0.0 |   735
      Shoals:2 |       0 |   13711 |   0.0 |       0 |      21 |   0.0 |   776
      Shoals:3 |       0 |   19462 |   0.0 |       0 |      27 |   0.0 |  1118
      Shoals:4 |       0 |   18325 |   0.0 |       0 |      33 |   0.0 |   666
         Orc:1 |       0 |    5673 |   0.0 |       0 |      42 |   0.0 |   508
         Orc:2 |       0 |   10278 |   0.0 |       0 |      44 |   0.0 |   795
         Elf:1 |       0 |    3655 |   0.0 |       0 |       7 |   0.0 |    43
               +---------+---------+-------+---------+---------+-------+---------
